 Dungeon Crawl Stone Soup version 0.29-a0-1027-gcd8c55af63 (webtiles) character file.

Game seed: 14976183863309724093

54 avis the Caller (level 3, -2/14 HPs)
             Began as a Felid Summoner on Aug 12, 2022.
             Killed from afar by Natasha (7 damage)
             ... with a magic dart
             ... on level 2 of the Dungeon.
             The game lasted 00:13:42 (2701 turns).

avis the Caller (Felid Summoner)                    Turns: 2701, Time: 00:13:42

Health: -2/14      AC:  1    Str:  4    XL:     3   Next: 66%
Magic:  1/8        EV: 17    Int: 16    God:
Gold:   69         SH:  0    Dex: 18    Spells: 2/8 levels left
                                        Lives:  0   Deaths: 0

rFire   . . .      SeeInvis +   (weapon unavailable)
rCold   . . .      Faith    .   (shield unavailable)
rNeg    . . .      Spirit   .   (body armour unavailable)
rPois   .          Reflect  .   (helmet unavailable)
rElec   .          Harm     .   (cloak unavailable)
rCorr   .          Rampage  .   (gloves unavailable)
Will    .....                   (boots unavailable)
Stlth   ++........              (no amulet)
HPRegen 0.04/turn               (no ring)
MPRegen 0.11/turn               (no ring)

@: quick
A: very small, claws 1, fangs 3, see invisible, speed 1, shaggy fur 1, stealthy
paws, no weapons or thrown items, no armour, multi-lived
a: no special abilities


You were on level 2 of the Dungeon.
You visited 1 branch of the dungeon, and saw 2 of its levels.

You collected 69 gold pieces.

Inventory:

Scrolls
 b - 2 scrolls of vulnerability {unknown}
 e - a scroll of enchant weapon {unknown}
 f - a scroll of torment {unknown}
 g - a scroll of amnesia {unknown}
 i - a scroll of immolation {unknown}
Potions
 a - a potion of magic
 c - a potion of lignification {unknown}
 d - a potion of cancellation {unknown}
 h - a potion of haste {unknown}
 j - a potion of berserk rage {unknown}
 k - a potion of flight {unknown}


   Skills:
 - Level 2.6 Dodging
 - Level 3.0 Stealth
 * Level 3.2 Spellcasting
 + Level 4.4 Summonings


You had 2 spell levels left.
You knew the following spells:

 Your Spells              Type           Power      Damage    Failure   Level
a - Summon Small Mammal   Summ           64%        N/A       3%          1
c - Call Imp              Summ           16%        N/A       4%          2
d - Call Canine Familiar  Summ           16%        N/A       9%          3

Your spell library contained the following spells:

 Spells                   Type           Power      Damage    Failure   Level
 Blink                    Tloc           4%         N/A       28%         2
 Summon Guardian Golem    Hex/Summ       9%         N/A       22%         3
 Lesser Beckoning         Tloc           2%         N/A       50%         3
 Summon Lightning Spire   Summ/Air       9%         N/A       58%         4
 Manifold Assault         Tloc           2%         N/A       99%         5


Dungeon Overview and Level Annotations

Branches:
Dungeon (2/15)

Altars:

Shops:
D:2 (

Annotations:
D:2 Natasha


Innate Abilities, Weirdness & Mutations

You have sharp claws.
You have razor-sharp teeth.
You have supernaturally acute eyesight. (SInv)
You cover ground quickly. (Speed+)
You are covered in fur. (AC +1)
Your paws help you pounce on unaware monsters.
You are incapable of wielding weapons or throwing items.
You cannot wear armour.
You gain extra lives every three experience levels.


Message History

Confirm with . or Enter, or press ? or * to list all spells.
A shadowy apparition takes form in the air.
Natasha closely misses your hound.
Your hound completely misses Natasha.
Your hound closely misses Natasha.
Natasha claws your hound. The ball python bites your hound.
The ball python barely misses your hound.
What are your orders? t - Meow!
Orders for allies: a - Attack new target. p - Attack previous target. r - Retreat! s - Stop attacking. g - Guard the area. f - Follow me.
Anything else - Cancel.
Gang up on whom?
Press: ? - help, Dir - move target, f/p - Natasha
Aim: Natasha (ally target) Attack!
Your hound misses Natasha.
Your shadow imp barely misses Natasha.
Natasha claws your hound.
The ball python closely misses your hound.
The ball python grabs your hound. The ball python constricts your hound.
Your hound bites Natasha.
Your shadow imp gestures at Natasha.
Natasha struggles to resist.
The ball python barely misses your hound.
The ball python constricts your hound.
Your hound bites Natasha.
Natasha claws your hound!
Your hound dies!
Your hound's corpse disappears in a puff of smoke!
Casting: Call Imp (safe; 4% risk of failure)
Confirm with . or Enter, or press ? or * to list all spells.
The spell is astonishingly dangerous to miscast (9% risk of failure)!
Continue anyway? [Y]es or [N]o only, please.
The spell is astonishingly dangerous to miscast (9% risk of failure)!
Continue anyway?
Your shadow imp hits Natasha.
The ball python misses you. The ball python closely misses you.
You closely miss Natasha.
Natasha is severely wounded.
Natasha stares at you and mumbles some strange words.
The magic dart hits you!
Ouch! That really hurt!
You die...

#..........# #####.#......# .....
#.....#.....## ......
#.#####...#.# ......
###...........# $>....
....#####.....####...... ...##
#..)...#........ ..##
##.......§...... #..#
#.....h@S§..... ...#
#.......h5.....
.#.#######...........#......#
......)..#........$.........#
.........#.#...#.....#......#
...................###......#####
...........##..#..####..........#
...[..........##... ....#>......#
##.......#.....#...#.##.#.......#


You could see Natasha (ally target), a ball python, a friendly hound (summoned)
and a friendly shadow imp (summoned).

Vanquished Creatures
  2 endoplasms (D:1)
  3 giant cockroaches
  2 goblins (D:1)
  2 hobgoblins (D:1)
  3 quokkas (D:1)
  2 ball pythons (D:1)
  9 bats
  A frilled lizard (D:2)
  2 kobolds (D:1)
  3 rats (D:1)
29 creatures vanquished.

Vanquished Creatures (collateral kills)
  A gnoll (D:1)
  A worm (D:2)
  3 endoplasms
  A giant cockroach (D:1)
  2 goblins (D:1)
  2 kobolds
10 creatures vanquished.

Grand Total: 39 creatures vanquished

Notes
Turn   | Place    | Note
-------+----------+-------------------------------------------
     0 | D:1      | avis the Felid Summoner began the quest for the Orb.
     0 | D:1      | Reached XP level 1. HP: 7/7 MP: 4/4
   402 | D:1      | Reached XP level 2. HP: 11/11 MP: 4/6
   634 | D:1      | Learned a level 2 spell: Call Imp
  1131 | D:1      | Reached XP level 3. HP: 13/14 MP: 8/8
  1279 | D:1      | Learned a level 3 spell: Call Canine Familiar
  1944 | D:1      | Found a faded altar of an unknown god.
  2528 | D:2      | Found Raaginop's Weapon Shop.
  2691 | D:2      | Noticed Natasha
  2701 | D:2      | Killed from afar by Natasha

Illustrated notes

Levels and vault maps discovered:
D:1:      eino_arrival_tree_alley, layout_basic,
          nicolae_ecumenical_snake_handling
D:2:      layout_rooms, serial_shops, nicolae_shop_advertising_works
          [nicolae_subvault_shop_adworks], uniq_natasha, uniq_crazy_yiuf_cottage

Skill      XL: |  1  2  3 |
---------------+----------+-----
Stealth        | 3 |  3.0
Spellcasting   | 3 |  3.2
Dodging        | |  2.6
Summonings     | |  4.4

Action                   || total
-------------------------++-------
Melee: Unarmed           ||    97
       Bite              ||     6
       Punch             ||     2
 Cast: Summon Small Mamm ||    22
       Call Imp          ||    11
       Call Canine Famil ||     4
 Stab: Sleeping          ||     3
       Distracted        ||     1
Armor: Skin              ||     8
Dodge: Dodged            ||    86

Table legend: (Time is in decaauts)
 A = Elapsed time spent in this place.
 B = Non-inter-level travel time spent in this place.
 C = Inter-level travel time spent in this place.
 D = Time resting spent in this place.
 E = Time spent auto-exploring this place.
 F = Levels seen in this place.
 G = Mean time per level.
                   A        B        C        D        E       F      G
               +--------+--------+--------+--------+--------+-----+--------+
         Total |   2460 |   2352 |    108 |   1114 |    733 |   2 | 1230.0 |
       Dungeon |   2460 |   2352 |    108 |   1114 |    733 |   2 | 1230.0 |
               +--------+--------+--------+--------+--------+-----+--------+

Top non-repeatable levels by time:
     D:1: 2211 daAuts
     D:2: 249 daAuts
